 Dungeon Crawl Stone Soup version 0.27-a0-679-g77a6b55cf3 (webtiles) character file.

Game seed: 12331193668681342836

151 kenlaan the Ruffian (level 5, -4/46 HPs)
             Began as a Ghoul Monk on Mar 18, 2021.
             Killed by divine providence
             ... invoked by an orc priest
              (10 damage)
             ... on level 3 of the Dungeon.
             The game lasted 00:04:18 (2028 turns).

kenlaan the Ruffian (Ghoul Monk)                    Turns: 2028, Time: 00:04:19

Health: -4/46      AC:  4    Str: 15    XL:     5   Next: 33%
Magic:  4/4        EV: 10    Int:  5    God:
Gold:   100        SH:  7    Dex: 12    Spells: 4/4 levels left

rFire    . . .     SeeInvis .     - Unarmed
rCold    + . .     Faith    .   i - +0 kite shield
rNeg     + + +     Spirit   .   a - +0 robe
rPois    ∞         Reflect  .   d - +2 hat
rElec    .         Harm     .   (no cloak)
rCorr    .         Rampage  .   (no gloves)
Will     .....                  (no boots)
Stlth    ++........             e - amulet of regeneration
HPRegen  0.00/turn              (no ring)
MPRegen  0.09/turn              (no ring)

@: no status effects
A: claws 1, cold resistance 1, negative energy resistance 3, inhibited
regeneration, torment resistance 2, unbreathing 1
a: no special abilities


You were on level 3 of the Dungeon.
You visited 1 branch of the dungeon, and saw 3 of its levels.

You collected 100 gold pieces.

Inventory:

Armour
 a - a +0 robe (worn)
 d - a +2 hat (worn)
 i - a +0 kite shield (worn)
Jewellery
 e - an amulet of regeneration (around neck)
Scrolls
 c - 6 scrolls of identify
 g - a scroll of teleportation
Potions
 b - 4 potions of curing
 f - 2 potions of invisibility {unknown}
 h - a potion of heal wounds {unknown}


   Skills:
 + Level 4.0 Fighting
 + Level 3.5 Dodging
 + Level 2.9 Stealth
 + Level 0.2 Shields
 + Level 4.9 Unarmed Combat


You had 4 spell levels left.
You didn't know any spells.
Your spell library contained the following spells:

 Spells                   Type           Power      Damage    Failure   Level
 Magic Dart               Conj           0%         1d3       98%         1
 Blink                    Tloc           N/A        N/A       99%         2
 Call Imp                 Summ           0%         N/A       99%         2
 Slow                     Hex            0%         N/A       99%         2
 Conjure Flame            Conj/Fire      0%         6-21      100%        3
 Mephitic Cloud           Conj/Pois/Air  0%         N/A       100%        3
 Beastly Appendage        Tmut           Unusable   N/A       N/A         1
 Wereblood                Tmut           Unusable   N/A       N/A         2
 Spider Form              Tmut/Pois      Unusable   N/A       N/A         3
 Ice Form                 Ice/Tmut       Unusable   N/A       N/A         4
 Blade Hands              Tmut           Unusable   N/A       N/A         5

Dungeon Overview and Level Annotations

Branches:
Dungeon (3/15)

Altars:


Innate Abilities, Weirdness & Mutations

You thrive by killing the living.
You are immune to poison.
You have sharp fingernails.
Your flesh is cold resistant. (rC+)
You are immune to negative energy. (rN+++)
You do not regenerate when monsters are visible.
You are immune to unholy pain and torment.
You can survive without breathing.


Message History

You feel better.
You see here a +0 short sword.
You start resting.
HP restored. 3 orcs come into view.
An orc comes into view. It is wielding a +0 flail.
The orc shouts! x3
An orc priest comes into view. It is wielding a +0 club.
The orc shouts!
Found a stone staircase leading down.
The orc closely misses you. You block the orc's attack.
You claw the orc!
You kill the orc!
The orc barely misses you.
The orc priest miscasts a cantrip.
The orc hits you but does no damage.
You scratch the orc but do no damage. The orc barely misses you.
You scratch the orc.
The orc is heavily wounded.
The orc priest invokes the aid of Beogh against you.
Beogh smites you! The orc hits you.
You scratch the orc but do no damage.
The orc is heavily wounded.
The orc priest looks encouraged for a moment.
The orc hits you.
The orc priest mumbles some strange prayers to Beogh against you.
Beogh smites you!
You scratch the orc but do no damage.
The orc is heavily wounded.
The orc hits you but does no damage.
The orc priest calls down the wrath of Beogh upon you.
Beogh smites you!
* * * LOW HITPOINT WARNING * * *
You scratch the orc.
You kill the orc!
The orc priest looks braver for a moment.
There is an escape hatch in the ceiling here.
The orc priest mumbles some strange prayers to Beogh against you.
Beogh smites you!
You die...

#....# #.##.....## ##.#.#
#.#### #†###...## ##....#
#.######.# ##+## ##>....#
#........# #.# #.......
#.######## #.# #.....# #.#
###.#### #.o.#
#.#########......# #.#
#................#######.#
#####.##.##@oo.o......[..#
#)##......##.#########
#.#####.####.#
#.#####.####.#
#....).......#
##############


You could see an orc priest and 2 orcs.

Vanquished Creatures
  Natasha (twice) (D:2)
  4 adders (D:2)
  An ufetubus (D:3)
  A worm (D:2)
  2 dart slugs (D:1)
  A leopard gecko (D:1)
  3 orcs (D:3)
  5 goblins
  6 hobgoblins
  3 jackals (D:3)
  11 kobolds
  A quokka (D:3)
  5 bats
  3 frilled lizards
  3 rats
51 creatures vanquished.

Notes
Turn   | Place    | Note
-------+----------+-------------------------------------------
     0 | D:1      | kenlaan the Ghoul Monk began the quest for the Orb.
     0 | D:1      | Reached XP level 1. HP: 19/19 MP: 0/0
   381 | D:1      | Reached XP level 2. HP: 26/26 MP: 1/1
   751 | D:1      | Reached XP level 3. HP: 33/33 MP: 2/2
  1162 | D:2      | Noticed Natasha
  1193 | D:2      | Killed Natasha
  1194 | D:2      | Reached XP level 4. HP: 13/40 MP: 3/3
  1732 | D:2      | Noticed Natasha
  1740 | D:2      | Killed Natasha
  1741 | D:2      | Reached XP level 5. HP: 25/46 MP: 4/4
  1920 | D:3      | Found a faded altar of an unknown god.
  2028 | D:3      | Killed from afar by an orc priest

Illustrated notes

Levels and vault maps discovered:
D:1:      zelgadis_glass_arrival_small, layout_loops_ring,
          chequers_serial_rivers_small_a, st_stairs_7, hex_large,
          minmay_small_reverse_x
D:2:      layout_basic, chequers_serial_rivers_micro_d, minmay_tiny_reverse_x,
          uniq_natasha
D:3:      minmay_chambers_of_threes, layout_loops_corners,
          chequers_ecumenical_altar_island

Skill      XL: |  1  2  3  4 |
---------------+-------------+-----
Dodging        | 3 |  3.5
Unarmed Combat | 4 |  4.9
Fighting       | 4 |  4.0
Stealth        | |  2.9
Shields        | |  0.2

Action                   |  1- 3 |  4- 6 || total
-------------------------+-------+-------++-------
Melee: Unarmed           |    78 |    92 ||   170
       Punch             |     1 |     1 ||     2
  Use: Scroll            |     1 |     1 ||     2
 Stab: Sleeping          |     2 |     3 ||     5
Armor: Robe              |    15 |    21 ||    36
Dodge: Dodged            |    53 |    54 ||   107
Block: Kite shield       |       |    14 ||    14

Table legend: (Time is in decaauts)
 A = Elapsed time spent in this place.
 B = Non-inter-level travel time spent in this place.
 C = Inter-level travel time spent in this place.
 D = Time resting spent in this place.
 E = Time spent auto-exploring this place.
 F = Levels seen in this place.
 G = Mean time per level.
                   A        B        C        D        E       F      G
               +--------+--------+--------+--------+--------+-----+--------+
         Total |   2043 |   1967 |     76 |    270 |   1225 |   3 |  681.0 |
       Dungeon |   2043 |   1967 |     76 |    270 |   1225 |   3 |  681.0 |
               +--------+--------+--------+--------+--------+-----+--------+

Top non-repeatable levels by time:
     D:1: 1048 daAuts
     D:2: 835 daAuts
     D:3: 159 daAuts
